 Dungeon Sprint DCSS version 0.18.1-8-gdd0e5ea (webtiles) character file.

3200 Iamburgie the Grappler (level 9, -8/105 HPs)
             Began as a Troll Monk on May 27, 2016.
             Was the Champion of Okawaru.
             Mangled by a six-headed hydra (17 damage)
             ... in the Dungeon (Sprint IX: "|||||||||||||||||||||||||||||").
             The game lasted 00:03:41 (726 turns).

Iamburgie the Grappler (Troll Monk)                  Turns: 726, Time: 00:03:42

Health: -8/105     AC:  5    Str: 21    XL:     9   Next: 64%
Magic:  6/8        EV: 22    Int:  6    God:    Okawaru [******]
Gold:   13         SH:  0    Dex: 15    Spells: 0 memorised, 8 levels left

rFire  . . .     SeeInvis .       - Unarmed
rCold  . . .     Gourm    +     a - +0 robe
rNeg   . . .     Faith    .     (no shield)
rPois  .         Spirit   .     (helmet restricted)
rElec  .         Dismiss  .     (no cloak)
rCorr  .         Reflect  .     (gloves unavailable)
SustAt .         Harm     .     (boots unavailable)
MR     .....     NoTele   +     (no amulet)
Stlth  +++.......               (no ring)
                                n - +2 ring of evasion

@: heroism, not resistant to hostile enchantments, fairly stealthy
A: unfitting armour, claws 3, fast metabolism 3, gourmand, regeneration 2,
shaggy fur 1, tough skin 2
a: Heroism, Finesse, Renounce Religion


You were in the Dungeon.
You worshipped Okawaru.
Okawaru was exalted by your worship.
You were completely stuffed.

You visited 1 branch You collected 13 gold pieces.

Inventory:

Hand Weapons
 q - the +5 scimitar "Fixeh" {elec, rElec rF+ MR+ Int+2}
   (You found it in the Dungeon)

   Occasionally, upon striking a foe, it will discharge some electrical energy
   and cause terrible harm.
   It affects your intelligence (+2).
   It protects you from fire.
   It insulates you from electricity.
   It affects your resistance to hostile enchantments.
Armour
 a - a +0 robe (worn)
Jewellery
 n - a +2 ring of evasion (left claw)
 o - a +3 ring of intelligence
Wands
 m - a wand of lightning (7/15)
Scrolls
 h - 2 scrolls of blinking
 k - 3 scrolls of remove curse
 l - 2 scrolls of amnesia
 r - 2 scrolls of identify
 s - 2 scrolls of fear
 t - 2 scrolls of enchant weapon
 u - 2 scrolls of enchant armour
Potions
 c - 6 potions of curing
 d - 2 potions of brilliance
 e - a potion of haste
 f - 4 potions of magic
 g - a potion of berserk rage
 i - a potion of agility
 j - a potion of invisibility
 p - 2 potions of heal wounds
Comestibles
 b - 2 bread rations
 v - 6 chunks of flesh


   Skills:
 + Level 11.1(16.1) Fighting
 + Level 11.1(16.1) Dodging
 - Level 1.2(6.2) Stealth
 + Level 13.5(18.5) Unarmed Combat


You had 8 spell levels left.
You didn't know any spells.

Dungeon Overview and Level Annotations

Branches:
Dungeon (1/1)

Altars:
Cheibriados
Dithmenos
Elyvilon
Fedhas
Gozag
Kikubaaqudgha
Makhleb
Nemelex Xobeh
Okawaru
Pakellas
Qazlal
Ru
Sif Muna
Trog
Vehumet
Xom
Yredelemnul
Zin
The Shining One
Beogh
Jiyva
Lugonu


Innate Abilities, Weirdness & Mutations

You are too large for most types of armour.
You have claws for hands.
Your metabolism is lightning-fast.
You like to eat raw meat.
You heal very quickly.
You are covered in fur (AC +1).
You have very tough skin (AC +2).


Message History

You open the door.
A river rat, a wolf, 2 hydras, a yak and a giant frog come into view.
The wolf howls!
You claw one of the five-headed hydra's heads off!
The four-headed hydra grows two more!
You eviscerate the six-headed hydra!!!
The six-headed hydra is heavily wounded.
The seven-headed hydra roars!
The giant frog croaks.
The yak bellows!
The six-headed hydra barely misses you. The six-headed hydra bites you.
The six-headed hydra bites you!
The six-headed hydra bites you but does no damage.
The six-headed hydra bites you! The six-headed hydra bites you.
You gain the combat prowess of a mighty hero.
You feel slightly less full. The six-headed hydra bites you!
The six-headed hydra completely misses you.
The six-headed hydra bites you! x2
* * * LOW HITPOINT WARNING * * *
The six-headed hydra bites you!
* * * LOW HITPOINT WARNING * * *
The six-headed hydra bites you!
You die...

▓_▓.▓%▓
▓_▓.▓.▓
▓_▓.▓.▓
▓_▓.▓.▓
▓_▓.▓.▓
▓_▓.▓.▓
▓_▓.▓.▓
▓_▓.▓.▓
▓_▓.▓@▓
▓_▓.▓D▓
▓_▓.▓h▓
▓_▓.▓D▓
▓_▓.▓r▓
▓_▓.▓F▓
▓_▓.▓.▓
▓_▓.▓Y▓
▓_▓.▓


You could see a seven-headed hydra, a six-headed hydra, a yak, a wolf, a giant
frog and a river rat.

Vanquished Creatures
  An unseen horror (D)
  A manticore (D)
  A cyclops (D)
  A black mamba (D)
  2 trolls (D)
  2 blink frogs (D)
  A porcupine (D)
  An orc warrior (D)
  A phantom (D)
  A big kobold (D)
  4 giant frogs (D)
  A scorpion (D)
  A killer bee (D)
  A howler monkey (D)
  A hound (D)
  2 iguanas (D)
  2 worker ants (D)
  An adder (D)
  A dart slug (D)
  A bat zombie (D)
  A giant cockroach (D)
  A goblin (D)
  A jackal (D)
  A kobold (D)
31 creatures vanquished.

Notes
Turn   | Place    | Note
--------------------------------------------------------------
     0 | D        | Iamburgie the Troll Monk began the quest for the Orb.
     0 | D        | Reached XP level 1. HP: 22/22 MP: 0/0
    42 | D        | Noticed an iguana
    42 | D        | Noticed a worker ant
    42 | D        | Noticed a hound
    47 | D        | Killed an iguana
    47 | D        | Reached skill level 6 in Unarmed Combat
    47 | D        | Reached XP level 2. HP: 31/31 MP: 1/1
    47 | D        | Reached XP level 3. HP: 37/37 MP: 2/2
    56 | D        | Reached XP level 4. HP: 40/49 MP: 3/3
    61 | D        | Reached skill level 7 in Unarmed Combat
    71 | D        | Found a glowing silver altar of Zin.
    71 | D        | Found a glowing golden altar of the Shining One.
    71 | D        | Found an ancient bone altar of Kikubaaqudgha.
    71 | D        | Found a basalt altar of Yredelemnul.
    71 | D        | Found a shimmering altar of Xom.
    71 | D        | Found a radiant altar of Vehumet.
    72 | D        | Found an iron altar of Okawaru.
    73 | D        | Found a burning altar of Makhleb.
    74 | D        | Found a deep blue altar of Sif Muna.
    75 | D        | Found a bloodstained altar of Trog.
    76 | D        | Found a sparkling altar of Nemelex Xobeh.
    77 | D        | Found a white marble altar of Elyvilon.
    78 | D        | Found a roughly hewn altar of Beogh.
    79 | D        | Found a viscous altar of Jiyva.
    80 | D        | Found a corrupted altar of Lugonu.
    81 | D        | Found a blossoming altar of Fedhas.
    82 | D        | Found a snail-covered altar of Cheibriados.
    83 | D        | Found a shadowy altar of Dithmenos.
    84 | D        | Found a stormy altar of Qazlal.
    85 | D        | Found an opulent altar of Gozag.
    86 | D        | Found a sacrificial altar of Ru.
    94 | D        | Became a worshipper of Warmaster Okawaru
    94 | D        | Reached * piety under Okawaru
    94 | D        | Reached ** piety under Okawaru
   102 | D        | Found an oddly glowing altar of Pakellas.
   129 | D        | Noticed a phantom
   129 | D        | Noticed a troll
   129 | D        | Noticed an orc warrior
   132 | D        | Reached skill level 5 in Fighting
   135 | D        | Killed a phantom
   135 | D        | Reached skill level 5 in Dodging
   135 | D        | Reached skill level 8 in Unarmed Combat
   135 | D        | Reached XP level 5. HP: 59/59 MP: 1/4
   140 | D        | Killed a troll
   140 | D        | Reached *** piety under Okawaru
   140 | D        | Reached skill level 9 in Unarmed Combat
   140 | D        | Reached XP level 6. HP: 32/71 MP: 1/5
   148 | D        | Killed an orc warrior
   148 | D        | Reached skill level 10 in Unarmed Combat
   148 | D        | Reached XP level 7. HP: 9/79 MP: 2/6
   291 | D        | Noticed a cyclops
   291 | D        | Noticed a manticore
   291 | D        | Noticed a troll
   299 | D        | Killed an unseen horror
   299 | D        | Reached **** piety under Okawaru
   299 | D        | Reached skill level 11 in Unarmed Combat
   299 | D        | Reached XP level 8. HP: 10/91 MP: 7/7
   307 | D        | Killed a cyclops
   307 | D        | Reached ***** piety under Okawaru
   313 | D        | Killed a manticore
   313 | D        | Reached skill level 12 in Unarmed Combat
   314 | D        | Reached skill level 10 in Fighting
   314 | D        | Reached skill level 10 in Dodging
   320 | D        | Killed a troll
   320 | D        | Reached XP level 9. HP: 5/101 MP: 5/8
   563 | D        | Got the +5 scimitar "Fixeh" {elec, rElec rF+ MR+ Int+2}
   585 | D        | Noticed a black mamba
   596 | D        | Reached skill level 13 in Unarmed Combat
   608 | D        | Killed a black mamba
   608 | D        | Reached ****** piety under Okawaru
   724 | D        | Noticed a five-headed hydra
   724 | D        | Noticed a seven-headed hydra
   726 | D        | Mangled by a six-headed hydra

Skill      XL: |  1  2  3  4  5  6  7  8  9 |
---------------+----------------------------+-----
Fighting       | 3 4 5 7 8 10 11 | 11.1
Dodging        | 3 4 5 7 8 10 11 | 11.1
Unarmed Combat | 6 8 9 10 11 12 13 | 13.5
Stealth        | |  1.2

Action                   |  1- 3 |  4- 6 |  7- 9 || total
-------------------------+-------+-------+-------++-------
Melee: Unarmed           |    21 |    22 |    60 ||   103
       Punch             |       |       |     3 ||     3
Invok: Heroism           |       |     1 |     2 ||     3
  Use: Potion            |       |       |     3 ||     3
  Eat: Chunk             |     5 |       |     7 ||    12
Armor: Robe              |     5 |     3 |     8 ||    16
Dodge: Dodged            |     6 |    12 |    47 ||    65
